 Dungeon Crawl Stone Soup version 0.24-a0-652-g46ecf6da75 (webtiles) character file.

Game seed: 15811282900632798042, levelgen mode: deterministic

4 AntidotE the Conjurer (level 1, 0/11 HPs)
             Began as an Octopode Conjurer on Sept 26, 2019.
             Slain by a kobold
             ... wielding a cursed -1 short sword
              (5 damage)
             ... on level 1 of the Dungeon.
             The game lasted 00:04:16 (279 turns).

AntidotE the Conjurer (Octopode Conjurer)            Turns: 279, Time: 00:04:16

Health: 0/11       AC:  1    Str:  7    XL:     1   Next: 60%
Magic:  1/3        EV: 13    Int: 17    God:
Gold:   10         SH:  0    Dex: 12    Spells: 3/4 levels left

rFire    . . .     SeeInvis .   a - +0 club
rCold    . . .     Gourm    .   (no shield)
rNeg     . . .     Faith    .   (helmet restricted)
rPois    .         Spirit   .   (no amulet)
rElec    .         Reflect  .   (no ring)
rCorr    .         Harm     .   (no ring)
MR       .....                  (no ring)
Stlth    +++.......             (no ring)
HPRegen  0.03/turn              (no ring)
MPRegen  0.08/turn              (no ring)
                                (no ring)
                                (no ring)

@: no status effects
A: almost no armour, stealthy swim, amphibious, 8 rings, constrict 8, camouflage
1, gelatinous body 1
a: no special abilities


You were on level 1 of the Dungeon.
You were not hungry.

You visited 1 branch of the dungeon, and saw 1 of its levels.

You collected 10 gold pieces.

Inventory:

Hand Weapons
 a - a +0 club (weapon)
Comestibles
 b - a ration


   Skills:
 + Level 2.0 Dodging
 + Level 2.7 Stealth
 + Level 2.0 Spellcasting
 + Level 4.2 Conjurations


You had 3 spell levels left.
You knew the following spells:

 Your Spells              Type           Power        Failure   Level  Hunger
a - Magic Dart            Conj           ###.         3%          1    #......

Your spell library contained the following spells:

 Spells                   Type           Power        Failure   Level  Hunger
 Searing Ray              Conj           ###...       5%          2    ###....
 Dazzling Spray           Conj/Hex       #.....       24%         3    ###....
 Iskenderun's Mystic Bla  Conj           ###.....     34%         4    #####..
 Force Lance              Conj/Tloc      #.......     63%         4    #####..
 Fulminant Prism          Conj/Hex       #.........   63%         4    #####..


Dungeon Overview and Level Annotations

Branches:
Dungeon (1/15)

Altars:


Innate Abilities, Weirdness & Mutations

You cannot wear most types of armour.
You are very stealthy in the water. (Stealth+)
You are amphibious.
You can wear up to eight rings at the same time.
You can use your tentacles to constrict eight enemies at once.
Your skin changes colour to match your surroundings (Stealth+).
Your rubbery body absorbs attacks. (AC +1, EV +1)


Message History

Confirm with . or Enter, or press ? or * to list all spells.
Aiming: Magic Dart (safe; 3% risk of failure)
Press: ? - help, Shift-Dir - straight line, f - kobold
Aim: a kobold, wielding a -1 short sword The magic dart hits the kobold but does no damage.
The kobold throws a stone.
The stone hits you but does no damage.
The kobold throws a stone.
The stone misses you.
The kobold throws a stone.
The stone closely misses you.
There is a staircase leading out of the dungeon here.
The kobold hits you with a cursed -1 short sword.
Ouch! That really hurt!
You closely miss the kobold. Your grab misses the kobold.
Your squeeze misses the kobold. The kobold hits you but does no damage.
You closely miss the kobold. Your grab misses the kobold.
The kobold misses you.
You hit the kobold. You grab the kobold. Your squeeze misses the kobold.
The kobold is heavily wounded.
You constrict the kobold.
The kobold hits you with a cursed -1 short sword.
You die...

.#.#.#..#######.#######..####
........# ##.......## #..#..
.#...#..###.........###..#.# #
####....##...........##..#.#.# #
........#..((.........#....#)#.#.
##..#..##.............##...K.....
##...#.#......(......#.#..#.#
#..#....รท....<.........#...#
##..#.#.......@K....#.#..#.#
##..##.............##..## # ..#.
#.............#....# ....#.
##...........##....# #####.
##...[.....###...... #.
##.......## #......# #. ####.####
#...##.# ... ...## .# .#. ...# #


You could see a kobold.

Vanquished Creatures
  A hobgoblin (D:1)
  2 kobolds (D:1)
  A rat (D:1)
4 creatures vanquished.

Notes
Turn   | Place    | Note
-------+----------+-------------------------------------------
     0 | D:1      | AntidotE the Octopode Conjurer began the quest for the Orb.
     0 | D:1      | Reached XP level 1. HP: 11/11 MP: 3/3
   279 | D:1      | Slain by a kobold

Levels and vault maps discovered:
D:1:      psy_arrival_dodecagon, layout_basic, hangedman_glass_garden

Action                   || total
-------------------------++-------
Melee: Unarmed           ||     5
       Club              ||     3
       Constrict         ||     2
 Cast: Magic Dart        ||     8
Dodge: Dodged            ||     6

Table legend:
 A = Non-vault XP
 B = Vault XP
 C = Vault XP percentage of total XP
 D = Non-vault monster count
 E = Vault monster count
 F = Vault count percentage of total count
                 A         B        C        D         E       F
            +---------+---------+-------+---------+---------+-------
      Total |       6 |       0 |   0.0 |       4 |       0 |   0.0
            +---------+---------+-------+---------+---------+-------
        D:1 |       6 |       0 |   0.0 |       4 |       0 |   0.0
            +---------+---------+-------+---------+---------+-------
